 Dungeon Crawl Stone Soup version 0.27-a0-416-gca2cecf3c0 (webtiles) character file.

Game seed: 2203573725633145138

682100 inon the Metallomancer (level 27, 0/189 HPs)
             Began as a Gargoyle Earth Elementalist on Feb 24, 2021.
             Was the Champion of Vehumet.
             Slain by an iron giant
             ... wielding a +0 giant club
              (33 damage)
             ... on level 17 of a ziggurat on Feb 25, 2021.
             The game lasted 03:29:46 (73759 turns).

inon the Metallomancer (GrEE)                      Turns: 73759, Time: 03:29:46

Health: 0/189      AC: 44    Str: 19    XL:     27
Magic:  2/42       EV: 18    Int: 37    God:    Vehumet [******]
Gold:   1856       SH:  0    Dex: 10    Spells: 4/57 levels left

rFire    + . .     SeeInvis +   y - +7 pair of quick blades "Gyre" and "Gimble" {protect}
rCold    . . .     Faith    .   (shield currently unavailable)
rNeg     + . .     Spirit   .   B - +2 robe {Archmagi}
rPois    ∞         Reflect  .   G - +2 helmet {SInv}
rElec    +         Harm     .   x - +2 cloak {Stlth+}
rCorr    .         Rampage  .   u - -4 pair of gloves of the Baker {Int+5 Slay+3}
Will     ++...                  F - +2 pair of boots
Stlth    +++++.....             J - amulet "Kidwulorch" {rF+ Regen+ Str+4 Stlth+}
HPRegen  1.41/turn              X - ring of the Tortoise {AC+8}
MPRegen  0.28/turn              K - ring "Ureecaga" {+Inv Will- AC+4 Int+6 Stlth+}

@: flying, very slightly contaminated, studying 2 skills
A: big wings, strong-willed 1, negative energy resistance 1, robust 1,
electricity resistance, unbreathing, petrification resistance, miasma immunity,
MP-powered wands, AC +20
}: 4/15 runes: barnacled, slimy, silver, gossamer
a: Stop Flying, Renounce Religion, Evoke Invisibility


You were on level 17 of a ziggurat.
You worshipped Vehumet.
Vehumet was exalted by your worship.
You visited 11 branches of the dungeon, and saw 53 of its levels.
You visited 2 bazaars.
You visited 1 ziggurat, and saw 17 of its levels.
You also visited: Sewer, Volcano and Wizlab.

You collected 12656 gold pieces.
You spent 10800 gold pieces at shops.

Inventory:

Hand Weapons
 e - a +9 vorpal eveningstar
 y - the +7 pair of quick blades "Gyre" and "Gimble" (weapon) {protect}
   (You found it on level 5 of the Dungeon)

   It grants its wielder temporary protection when it strikes (+7 to AC).
Armour
 a - a +1 cloak of preservation
 u - the -4 pair of gloves of the Baker (worn) {Int+5 Slay+3}
   (You bought it in a shop on level 1 of the Orcish Mines)

   It affects your intelligence (+5).
   It affects your accuracy and damage with ranged weapons and melee attacks
   (+3).
 w - the +3 robe of Clouds {+Thunder rCloud rElec}
   (You took it off a Cloud Mage in a wizard's laboratory)

   It insulates you from electricity.
 x - a +2 cloak of stealth (worn)
 B - a +2 robe of the Archmagi (worn)
 F - a +2 pair of boots (worn)
 G - a +2 helmet of see invisible (worn)
 T - the +0 faerie dragon scales {Will+ rCorr MP+9}
   (You took it off the Enchantress on level 1 of the Depths)

   It affects your willpower, your defense against some magical effects.
   It affects your magic capacity (+9).
   It provides partial protection from all sources of acid and corrosion.
Jewellery
 q - the ring "Rygguvod" {rF+ rC+ Int+2 Stlth+}
   (You found it on level 3 of the Depths)

   [ring of protection from cold]

   It affects your intelligence (+2).
   It protects you from fire.
   It protects you from cold.
   It makes you more stealthy.
 J - the amulet "Kidwulorch" (around neck) {rF+ Regen+ Str+4 Stlth+}
   (You found it on level 5 of the Pits of Slime)

   [amulet of regeneration]

   It affects your strength (+4).
   It protects you from fire.
   It increases your rate of regeneration.
   It makes you more stealthy.
 K - the ring "Ureecaga" (right hand) {+Inv Will- AC+4 Int+6 Stlth+}
   (You found it on level 11 of the Dungeon)

   [ring of protection]

   It affects your AC (+4).
   It affects your intelligence (+6).
   It affects your willpower, your defense against some magical effects.
   It lets you turn invisible.
   It makes you more stealthy.
 N - the ring of the Mage {Wiz Will++ Int+3}
   (You took it off a deep elf blademaster on level 3 of the Elven Halls)

   [ring of wizardry]

   It improves your spell success rate.
   It affects your intelligence (+3).
   It affects your willpower, your defense against some magical effects.
 X - the ring of the Tortoise (left hand) {AC+8}
   (You found it on level 5 of the Pits of Slime)

   [ring of protection]

   It affects your AC (+8).
Wands
 c - a wand of acid (46)
 V - a wand of iceblast (61)
Scrolls
 b - 2 scrolls of brand weapon
 d - 7 scrolls of summoning
 f - 7 scrolls of holy word
 g - a scroll of amnesia
 k - 4 scrolls of enchant weapon
 l - 8 scrolls of immolation
 t - 27 scrolls of teleportation
 E - 59 scrolls of identify
 M - 10 scrolls of magic mapping
 O - 7 scrolls of blinking
 P - 11 scrolls of fog
Potions
 h - 11 potions of heal wounds
 i - 12 potions of ambrosia
 j - 9 potions of invisibility
 n - 13 potions of might
 p - 7 potions of mutation
 r - 3 potions of magic
 v - 3 potions of resistance
 z - 10 potions of brilliance
 C - 38 potions of curing
 L - 2 potions of cancellation
 R - 6 potions of berserk rage
 Z - 12 potions of haste
Miscellaneous
 o - a box of beasts
 s - a lightning rod (4/4)
 I - a phantom mirror
 U - a condenser vane (inert)
 W - a tin of tremorstones (inert)


   Skills:
 - Level 17.4 Fighting
 - Level 8.0 Short Blades
 - Level 16.0 Maces & Flails
 - Level 6.0 Armour
 - Level 14.0 Dodging
 - Level 6.2 Stealth
 - Level 5.0 Shields
 - Level 15.8 Spellcasting
 - Level 18.1 Conjurations
 + Level 15.6 Necromancy
 - Level 10.0 Transmutations
 - Level 18.9 Fire Magic
 - Level 22.0 Earth Magic
 - Level 10.0 Evocations


You had 4 spell levels left.
You knew the following spells:

 Your Spells              Type           Power        Failure   Level
a - Shatter               Erth           68%          4%          9
b - Stone Arrow           Conj/Erth      100%         0%          3
c - Lee's Rapid Deconstr  Erth           68%          0%          5
d - Iron Shot             Conj/Erth      66%          1%          6
e - Bolt of Magma         Conj/Fire/Erth 66%          0%          5
f - Fire Storm            Conj/Fire      64%          16%         9
g - Ignition              Fire           65%          1%          8
h - Necromutation         Tmut/Necr      56%          38%         8

Your spell library contained the following spells:

 Spells                   Type           Power        Failure   Level
 Absolute Zero            Ice            21%          100%        9
 Animate Skeleton         Necr           100%         0%          1
 Foxfire                  Conj/Fire      100%         0%          1
 Magic Dart               Conj           100%         0%          1
 Pain                     Necr           100%         0%          1
 Sandblast                Erth           100%         0%          1
 Passwall                 Tmut/Erth      100%         0%          2
 Searing Ray              Conj           100%         0%          2
 Conjure Flame            Conj/Fire      100%         0%          3
 Vampiric Draining        Necr           60%          0%          3
 Petrify                  Tmut/Erth      100%         0%          4
 Sticky Flame             Conj/Fire      100%         0%          4
 Apportation              Tloc           86%          1%          1
 Beastly Appendage        Tmut           100%         1%          1
 Corona                   Hex            47%          1%          1
 Freeze                   Ice            100%         1%          1
 Summon Small Mammal      Summ           100%         1%          1
 Blink                    Tloc           N/A          1%          2
 Call Imp                 Summ           43%          1%          2
 Corpse Rot               Necr/Air       N/A          1%          2
 Ensorcelled Hibernation  Hex/Ice        86%          1%          2
 Slow                     Hex            43%          1%          2
 Swiftness                Air            43%          1%          2
 Wereblood                Tmut           100%         1%          2
 Dazzling Flash           Conj/Hex       100%         1%          3
 Frozen Ramparts          Ice            86%          1%          3
 Ignite Poison            Fire/Tmut/Pois 100%         1%          3
 Inner Flame              Hex/Fire       99%          1%          3
 Mephitic Cloud           Conj/Pois/Air  84%          1%          3
 Spider Form              Tmut/Pois      39%          1%          3
 Static Discharge         Conj/Air       98%          1%          3
 Animate Armour           Summ/Erth      100%         1%          4
 Animate Dead             Necr           60%          1%          4
 Dispel Undead            Necr           100%         1%          4
 Fulminant Prism          Conj/Hex       49%          1%          4
 Hailstorm                Conj/Ice       98%          1%          4
 Ice Form                 Ice/Tmut       79%          1%          4
 Iskenderun's Mystic Bla  Conj/Tloc      98%          1%          4
 Leda's Liquefaction      Hex/Erth       52%          1%          4
 Call Canine Familiar     Summ           43%          3%          3
 Confusing Touch          Hex            43%          3%          3
 Gell's Gravitas          Tloc           21%          3%          3
 Lesser Beckoning         Tloc           21%          3%          3
 Ozocubu's Armour         Ice            43%          3%          3
 Portal Projectile        Hex/Tloc       86%          3%          3
 Summon Guardian Golem    Hex/Summ       43%          3%          3
 Teleport Other           Tloc           43%          3%          3
 Tukima's Dance           Hex            43%          3%          3
 Cause Fear               Hex            21%          12%         4
 Manifold Assault         Tloc           43%          12%         4
 Summon Ice Beast         Ice/Summ       43%          12%         4
 Summon Lightning Spire   Summ/Air       43%          12%         4
 Borgnjor's Vile Clutch   Necr/Erth      64%          0%          5
 Fireball                 Conj/Fire      64%          0%          5
 Iskenderun's Battlesphe  Conj           100%         0%          5
 Agony                    Necr           100%         1%          5
 Blade Hands              Tmut           50%          1%          5
 Excruciating Wounds      Necr           60%          1%          5
 Irradiate                Conj/Tmut      58%          1%          5
 Lightning Bolt           Conj/Air       49%          1%          5
 Yara's Violent Unravell  Hex/Tmut       39%          1%          5
 Conjure Ball Lightning   Conj/Air       49%          1%          6
 Death Channel            Necr           60%          1%          6
 Starburst                Conj/Fire      64%          1%          6
 Orb of Destruction       Conj           64%          1%          7
 Hydra Form               Tmut           50%          3%          6
 Alistair's Intoxication  Tmut/Pois      52%          4%          5
 Freezing Cloud           Conj/Ice/Air   42%          4%          6
 Eringya's Noxious Bog    Tmut/Pois      39%          7%          6
 Spellforged Servitor     Conj/Summ      49%          7%          7
 Simulacrum               Ice/Necr       46%          8%          6
 Borgnjor's Revivificati  Necr           60%          13%         8
 Infestation              Necr           60%          13%         8
 Dragon Form              Tmut           50%          17%         7
 Metabolic Englaciation   Hex/Ice        21%          32%         5
 Silence                  Hex/Air        21%          32%         5
 Summon Forest            Summ/Tloc      21%          32%         5
 Summon Mana Viper        Hex/Summ       43%          32%         5
 Invisibility             Hex            43%          88%         6
 Shadow Creatures         Summ           N/A          88%         6
 Death's Door             Necr           60%          89%         9
 Ozocubu's Refrigeration  Ice            21%          91%         7
 Malign Gateway           Summ/Tloc      21%          100%        7
 Summon Hydra             Summ           21%          100%        7
 Dragon's Call            Summ           21%          100%        9
 Tornado                  Air            21%          100%        9
 Sublimation of Blood     Necr           Unusable     N/A         2
 Statue Form              Tmut/Erth      Unusable     N/A         6

Dungeon Overview and Level Annotations

Branches:
Dungeon (15/15)            Temple (1/1) D:6            Lair (6/6) D:8
 Shoals (4/4) Lair:3       Spider (4/4) Lair:4        Slime (5/5) Lair:6
    Orc (2/2) D:9             Elf (3/3) Orc:2        Vaults (5/5) D:13
  Crypt (3/3) Vaults:3       Tomb (0/3) Crypt:3      Depths (5/5) D:15
    Zot (0/5) Depths:5      Sewer (visited)         Volcano (visited)
 WizLab (visited)

Altars:
Ashenzari
Cheibriados
Dithmenos
Elyvilon
Fedhas
Gozag
Kikubaaqudgha
Makhleb
Okawaru
Qazlal
Ru
Sif Muna
Trog
Uskayaw
Vehumet
Wu Jian
Xom
Yredelemnul
The Shining One
Jiyva

Shops:
D:8 [[   D:13 [   D:14 !?:=[   Orc:1 [:   Orc:2 ?[*:   Elf:1 *   Elf:3 *!:=:=*=
Shoals:3 =   Shoals:4 *   Vaults:2 (   Vaults:5 ??!????   Depths:1 *
Depths:2 [=   Depths:5 **

Portals:
Hell: Depths:1 Depths:2 Depths:3 Depths:4 Depths:5
Abyss: Depths:2 Depths:4
Pandemonium: Depths:3

Annotations:
D:9 2 transporters
Orc:2 2 transporters
Elf:2 3 runed translucent doors
Depths:3 1 transporter


Innate Abilities, Weirdness & Mutations

You are resistant to torment.
Your stone body is resilient. (AC +20)
You are immune to poison.
Your large and strong wings let you fly indefinitely.
You resist negative energy. (rN+)
You are resistant to electric shocks. (rElec)
You can survive without breathing.
You are immune to petrification.
You are immune to miasma.
You are strong-willed. (Will+)
You are robust. (+10% HP)
You expend magic power (3 MP) to strengthen your wands.


Message History

The burst of rock shards engulfs your fire vortex!!
Your fire vortex dissipates!
The burst of rock shards engulfs you but does no damage.
The burst of rock shards engulfs your fire vortex!!
Your fire vortex dissipates!
The burst of rock shards engulfs the iron giant but does no damage. x2
The caustic shrike zombie claws you but does no damage. x2
The iron giant is engulfed in blazing flames.
The iron giant hits you with a +0 giant club!!
* * * LOW HITPOINT WARNING * * *
Unknown command.
Unknown command.
Unknown command.
Unknown command.
Really release a tremorstone near your fire vortex?
The tremorstone explodes into fragments!
The burst of rock shards engulfs your fire vortex!!
The burst of rock shards engulfs the iron giant but does no damage.
The burst of rock shards engulfs your fire vortex!!
Your fire vortex dissipates!
The burst of rock shards engulfs you but does no damage.
The burst of rock shards engulfs the iron giant but does no damage.
The tin is emptied!
The caustic shrike zombie misses you. x2
Unknown command.
Casting: Iron Shot (safe; 1% risk of failure)
Confirm with . or Enter, or press ? or * to list all spells.
Aiming: Stone Arrow (safe; 0% risk of failure)
Press: ? - help, Shift-Dir - straight line, f/p - iron giant
Aim: an iron giant, wielding a +0 giant club (flame, severely wounded, 0% to evade)
You feel a surge of power!
The stone arrow hits the iron giant!!
The iron giant is almost dead.
The iron giant is engulfed in blazing flames.
The iron giant hits you with a +0 giant club!!
* * * LOW HITPOINT WARNING * * *
The caustic shrike zombie claws you but does no damage.
You feel much better.
The caustic shrike zombie claws you but does no damage. x2
The iron giant is engulfed in blazing flames.
The iron giant hits you with a +0 giant club!!
You die...

▓...........
▓▓▓▓▓▓▓▓▓...†.......
▓...................
▓..............)...)
▓...............)..)
▓...........§§...)))
▓...........§§§§..○.
▓∩..........@C§§....
▓..........Z.§§§....
▓..................)
▓...................
▓...................
▓...................
▓▓▓▓▓▓▓▓▓...........
▓...........


You could see an iron giant and a caustic shrike zombie.

Vanquished Creatures
  the Royal Jelly (Slime:5)
  A dread lich (Zig:7)
  2 ancient liches
  5 juggernauts
  2 royal mummies (Zig:13)
  Frederick (Crypt:2)
  3 golden dragons
  the Enchantress (Depths:1)
  7 bone dragons
  2 Tzitzimimeh (Depths:4)
  2 Brimstone Fiends
  4 Hell Sentinels
  5 iron giants
  8 tentacled monstrosities
  4 liches
  13 acid blobs
  Asterion (Spider:4)
  6 titans
  5 deep elf master archers
  4 deep elf blademasters (Elf:3)
  3 quicksilver dragons
  7 ancient champions
  2 krakens (Shoals:2)
  3 sphinxes
  Polyphemus (Shoals:2)
  4 tentacled starspawn
  7 shadow dragons
  Kirke (Shoals:2)
  Donald (Slime:5)
  8 tengu reavers
  3 storm dragons
  8 revenants
  11 azure jellies
  A fenstrider witch (shapeshifter) (D:15)
  3 draconian monks (Zig:14)
  A draconian knight (Zig:14)
  2 ghost moths
  2 iron dragons (Vaults:5)
  5 deep elf sorcerers (Elf:3)
  10 fire giants
  8 frost giants
  3 draconian scorchers
  7 emperor scorpions
  3 orc warlords (Zig:12)
  18 vault wardens
  The ghost of Iguivvom the Warrior, a journeyman MiBe of Trog (Lair:6)
  A curse skull (Crypt:1)
  3 balrugs (Zig:15)
  3 draconian stormcallers
  Aizul (Crypt:1)
  10 ghouls
  7 reapers
  2 draconian shifters (Zig:14)
  10 ironheart preservers
  2 juggernaut skeletons
  2 juggernaut zombies (Zig:17)
  19 stone giants
  6 war gargoyles
  2 draconian annihilators
  4 deep elf elementalists
  3 spriggan defenders (Depths:1)
  12 very ugly things
  2 caustic shrike skeletons (Zig:15)
  5 vampire knights
  3 green draconians
  4 bennus (Zig:13)
  4 deep elf demonologists
  4 deep elf annihilators (Elf:3)
  2 black suns (Zig:10)
  4 purple draconians (Zig:14)
  2 red draconians
  3 black draconians
  8 entropy weavers
  An entropy weaver (shapeshifter) (Vaults:4)
  A minotaur (Shoals:1)
  A dire elephant (Lair:6)
  4 yellow draconians
  7 spark wasps
  2 blizzard demons (WizLab)
  2 white draconians (Depths:5)
  7 death oozes (Slime:5)
  The ghost of Vuinn the Fighter, a journeyman OgIE of Ashenzari (Orc:1)
  The ghost of Vuinn the Fighter, a journeyman OgIE of Ashenzari (Orc:2)
  6 eidola
  2 mummy priests
  15 deep elf death magi
  16 ettins
  9 merfolk javelineers
  7 fire dragons
  16 merfolk impalers
  A quicksilver dragon zombie (Crypt:1)
  11 jiangshi
  Harold (Lair:1)
  11 great orbs of eyes
  42 vault guards
  A boulder beetle (shapeshifter) (Vaults:5)
  5 deep elf high priests
  17 yaktaur captains
  8 hydras
  10 ice dragons
  13 boulder beetles
  A catoblepas (Shoals:2)
  3 centaur warriors
  A juggernaut simulacrum (Depths:3)
  A quicksilver dragon skeleton (Crypt:3)
  2 alligator snapping turtles (Shoals:4)
  11 rakshasas
  16 ogre magi
  5 ghost crabs
  8 spriggan air magi
  A merfolk avatar (Shoals:4)
  47 two-headed ogres
  11 dancing weapons
  2 satyrs
  8 merfolk aquamancers
  5 death knights
  An alligator (Zig:1)
  7 tengu warriors
  The ghost of Garrluk the Fighter, a novice HuWn of Qazlal (D:9)
  10 vampire magi
  14 death yaks
  3 deep troll earth magi
  2 hell hogs (Zig:15)
  6 thrashing horrors
  7 deep troll shamans
  3 titan zombies
  9 orc high priests
  A shock serpent (WizLab)
  11 hell knights
  5 spriggan berserkers
  15 deep elf knights
  A titan skeleton (Vaults:4)
  4 iron trolls
  A storm dragon zombie (Zig:17)
  A soul eater (Crypt:1)
  Sonja (Orc:1)
  3 shadow wraiths
  6 glowing orange brains
  A spark wasp zombie (Crypt:3)
  14 sea snakes
  A storm dragon skeleton (Vaults:4)
  3 unseen horrors
  4 death drakes (WizLab)
  2 golden dragon zombies
  20 skeletal warriors
  A deep troll (shapeshifter) (Depths:4)
  24 deep trolls
  A swamp dragon (Zig:1)
  2 orange crystal statues (Zig:17)
  4 bog bodies
  An obsidian statue (Zig:17)
  An anaconda zombie (Crypt:2)
  16 deep elf archers
  An iron giant skeleton (Crypt:2)
  14 necromancers
  6 flayed ghosts
  2 wolf spider zombies
  25 harpies
  16 deep elf zephyrmancers
  2 shadow dragon zombies
  5 starcursed masses (Zig:16)
  14 ironbrand convokers
  6 wizards
  2 lindwurms
  30 orc knights
  A wolf spider (shapeshifter) (D:15)
  An anaconda skeleton (Crypt:2)
  17 deep elf pyromancers
  13 phantasmal warriors
  4 sphinx zombies
  5 orc sorcerers
  9 manticores
  4 shining eyes
  A stone giant zombie (Crypt:3)
  A glowing shapeshifter (Vaults:5)
  3 sphinx skeletons
  13 fauns
  16 orb spiders
  A shining eye (shapeshifter) (Vaults:4)
  A shadow dragon skeleton (Zig:16)
  A golden dragon skeleton (Zig:11)
  7 moths of wrath
  2 worldbinders
  5 cyclopes
  A tengu skeleton (Zig:15)
  A frost giant zombie (Crypt:2)
  12 merfolk sirens
  27 wolf spiders
  A moth of wrath (shapeshifter) (Vaults:5)
  24 ugly things
  2 black mambas
  A frost giant skeleton (Zig:15)
  6 rust devils
  3 spriggan zombies
  17 vault sentinels
  An ice statue (Zig:17)
  2 eyes of devastation
  3 elephants (Shoals:1)
  An iron dragon skeleton (Zig:13)
  A torpor snail (shapeshifter) (Vaults:5)
  16 water nymphs
  10 cane toads
  3 apocalypse crabs (WizLab)
  4 torpor snails
  2 hellions (Zig:15)
  A white draconian zombie (Crypt:2)
  An elf skeleton (Zig:13)
  A yaktaur zombie (Vaults:4)
  A kobold demonologist (D:13)
  2 yaktaurs (shapeshifter) (Vaults:3)
  4 tormentors
  An efreet (D:14)
  A komodo dragon (shapeshifter) (D:15)
  A grey draconian skeleton (Crypt:2)
  11 demonic crawlers
  3 rime drakes
  A catoblepas zombie (Crypt:2)
  11 freezing wraiths
  9 komodo dragons
  2 ice devils
  9 tengu conjurers
  44 yaktaurs
  14 guardian mummies
  A spriggan skeleton (Zig:15)
  5 ancient zymes (Zig:16)
  A catoblepas skeleton (Crypt:3)
  A sea snake skeleton (Crypt:1)
  32 jumping spiders
  27 merfolk
  3 meliai (Shoals:1)
  A troll (shapeshifter) (Vaults:4)
  7 trolls
  A hornet (shapeshifter) (Vaults:4)
  A queen bee (D:9)
  5 wind drakes
  Grinder (D:5)
  7 polar bears
  A harpy zombie (Crypt:2)
  13 hornets
  3 blink frogs (shapeshifter)
  61 slime creatures
  23 blink frogs
  3 raiju
  A stone giant simulacrum (Vaults:1)
  A guardian serpent zombie (Crypt:1)
  3 harpy skeletons
  8 large abominations
  A snapping turtle (shapeshifter) (Vaults:2)
  14 air elementals
  10 dream sheep
  A fire giant simulacrum (Crypt:1)
  An ettin skeleton (Vaults:4)
  2 frost giant simulacra
  17 snapping turtles
  23 flying skulls
  A fire dragon skeleton (Crypt:3)
  19 spriggans
  27 tarantellas
  A redback (shapeshifter) (D:15)
  A shadow (D:15)
  2 ushabtiu (Zig:13)
  4 basilisks
  75 redbacks
  19 water elementals
  16 wraiths
  4 ynoxinuls
  3 fire elementals (Elf:1)
  A hog (shapeshifter) (D:13)
  3 spriggans (shapeshifter)
  11 wyverns
  A wind drake zombie (Crypt:3)
  An elf simulacrum (Zig:13)
  A fire bat (Zig:16)
  3 golden eyes (Slime:5)
  4 hogs (Shoals:2)
  A human (Shoals:2)
  64 yaks
  A human (shapeshifter) (Vaults:3)
  2 chaos spawn (Zig:16)
  A wind drake skeleton (Crypt:1)
  4 vampire mosquitoes (D:15)
  7 wargs
  A deep troll skeleton (Crypt:1)
  A soldier ant (D:15)
  A deep troll zombie (Crypt:1)
  4 acid dragons
  A cane toad zombie (Crypt:1)
  A soldier ant (shapeshifter) (Depths:4)
  18 water moccasins
  2 floating eyes (Slime:5)
  2 hell hounds
  56 orc warriors
  2 ice beasts
  2 ettin simulacra
  An ice beast (shapeshifter) (Depths:2)
  4 sky beasts
  6 black bears
  Purgy (Sewer)
  5 necrophages
  A tengu (shapeshifter) (D:11)
  An ice dragon simulacrum (Crypt:3)
  9 boggarts
  A dream sheep skeleton (Crypt:1)
  4 eyes of draining
  48 ogres
  35 wolves
  A snapping turtle skeleton (Crypt:3)
  19 centaurs
  A blink frog skeleton (Crypt:3)
  A torpor snail zombie (Crypt:1)
  Blork the orc (D:6)
  5 kobold brigands
  7 phantoms
  A bullfrog (shapeshifter) (Depths:1)
  9 elf zombies
  A gnoll sergeant (D:11)
  A palentonga zombie (Crypt:1)
  A yaktaur skeleton (Crypt:2)
  19 bullfrogs
  A cane toad simulacrum (Crypt:3)
  A water moccasin zombie (D:7)
  3 small abominations
  9 scorpions
  9 killer bees
  7 wights
  2 howler monkeys (D:12)
  5 electric eels
  4 bullfrog zombies
  2 centaur zombies
  A quasit (D:7)
  3 centaur skeletons
  2 human zombies
  2 gnoll shamans (D:7)
  8 hounds
  7 jellies
  Crazy Yiuf (D:5)
  31 orc priests
  3 bullfrog skeletons
  7 iron imps
  A human skeleton (Crypt:2)
  34 orc wizards
  9 worker ants
  An iguana (D:13)
  A killer bee zombie (Crypt:2)
  A deep dwarf zombie (Crypt:2)
  A hound skeleton (Crypt:2)
  A hound zombie (D:9)
  7 mummies (Zig:13)
  2 worker ant zombies
  A howler monkey zombie (D:8)
  10 adders
  11 gnolls
  A river rat (D:5)
  A howler monkey skeleton (D:8)
  A white imp (D:7)
  4 ufetubi
  11 oozes
  A halfling skeleton (Crypt:2)
  4 worms
  5 dart slugs
  4 leopard geckos
  124 orcs
  12 giant cockroaches
  11 goblins
  8 hobgoblins
  22 jackals
  4 quokkas
  3 ball pythons
  5 bats
  4 frilled lizards
  35 kobolds
  A leopard gecko zombie (D:7)
  A quokka zombie (Crypt:3)
  9 rats
  6 fire vortices
  A fungus (Lair:6)
  3 tentacles (Shoals:2)
2657 creatures vanquished.

Vanquished Creatures (collateral kills)
  A Cloud Mage (WizLab)
  An acid blob (Slime:5)
  A tengu reaver (Depths:2)
  A great orb of eyes (Slime:5)
  A tengu warrior (Depths:2)
  A troll (D:10)
  A mummy (Zig:13)
7 creatures vanquished.

Vanquished Creatures (others)
  A jumping spider (Spider:1)
  A raiju (Zig:16)
  An air elemental (WizLab)
  3 humans
  2 orc wizards
  37 fire vortices
  51 fungi
  189 plants
  6 tentacles (Shoals:2)
  10 toadstools (D:2)
301 creatures vanquished.

Grand Total: 2965 creatures vanquished

Notes
Turn   | Place    | Note
-------+----------+-------------------------------------------
     0 | D:1      | inon the Gargoyle Earth Elementalist began the quest for
                  | the Orb.
     0 | D:1      | Reached XP level 1. HP: 10/10 MP: 3/3
     1 | D:1      | Found a runed translucent door.
   255 | D:1      | Reached XP level 2. HP: 15/15 MP: 5/5
   268 | D:1      | Reached skill level 4 in Earth Magic
  1171 | D:2      | Reached XP level 3. HP: 19/19 MP: 3/6
  1179 | D:2      | Learned a level 3 spell: Stone Arrow
  1218 | D:2      | Found a blossoming altar of Fedhas.
  1390 | D:2      | Found a shadowy altar of Dithmenos.
  1586 | D:2      | Reached skill level 1 in Conjurations
  1689 | D:2      | Reached XP level 4. HP: 24/24 MP: 3/8
  1744 | D:2      | Reached skill level 5 in Earth Magic
  1744 | D:2      | Reached XP level 5. HP: 21/28 MP: 5/9
  2000 | D:2      | Learned a level 5 spell: Lee's Rapid Deconstruction
  2598 | D:3      | Reached XP level 6. HP: 32/32 MP: 5/11
  3172 | D:3      | Reached skill level 6 in Earth Magic
  3258 | D:3      | Found an opulent altar of Gozag.
  3743 | D:4      | Found a glowing golden altar of the Shining One.
  3792 | D:4      | Reached XP level 7. HP: 36/36 MP: 7/13
  4331 | D:4      | Found a hide-covered altar of Uskayaw.
  4648 | D:5      | Entered Level 5 of the Dungeon
  4654 | D:5      | Noticed Grinder
  4659 | D:5      | Killed Grinder
  4660 | D:5      | Reached skill level 5 in Spellcasting
  4660 | D:5      | Reached skill level 5 in Conjurations
  4660 | D:5      | Reached skill level 7 in Earth Magic
  4660 | D:5      | Reached XP level 8. HP: 41/41 MP: 8/15
  4862 | D:5      | Found a shimmering blue altar of Sif Muna.
  5108 | D:5      | Found a glowing drain.
  5116 | Sewer    | Entered a sewer
  5172 | Sewer    | Noticed Purgy
  5176 | Sewer    | Killed Purgy
  5516 | D:5      | Reached skill level 8 in Earth Magic
  5746 | D:5      | Found the +7 pair of quick blades "Gyre" and "Gimble"
                  | {protect}
  5896 | D:5      | Found a runed translucent door.
  5897 | D:5      | Noticed Crazy Yiuf
  5905 | D:5      | Killed Crazy Yiuf
  6033 | D:6      | Reached skill level 1 in Short Blades
  6096 | D:6      | Reached XP level 9. HP: 38/46 MP: 10/17
  6129 | D:6      | Noticed Blork the orc
  6147 | D:6      | Killed Blork the orc
  6260 | D:6      | Found a radiant altar of Vehumet.
  6267 | D:6      | Became a worshipper of Vehumet
  6293 | D:6      | Got an encrusted cloak
  6303 | D:6      | Identified the +2 cloak of the Seven Prophets {+Blink rF+
                  | Int-4} (You found it on level 6 of the Dungeon)
  6366 | D:6      | Got a ripped robe
  6376 | D:6      | Identified the +1 robe of Impatience {-Cast rC++ rCorr
                  | Int+3} (You found it on level 6 of the Dungeon)
  6435 | D:6      | Found a staircase to the Ecumenical Temple.
  6446 | Temple   | Entered the Ecumenical Temple
  6574 | D:6      | Found an ancient bone altar of Kikubaaqudgha.
  6591 | D:6      | Reached skill level 1 in Fighting
  6591 | D:6      | Reached skill level 1 in Armour
  6769 | D:7      | Reached skill level 5 in Short Blades
  6786 | D:7      | Reached skill level 1 in Maces & Flails
  6789 | D:7      | Reached skill level 1 in Evocations
  7140 | D:7      | Reached * piety under Vehumet
  7140 | D:7      | Offered knowledge of Shock by Vehumet.
  7431 | D:7      | Reached XP level 10. HP: 43/54 MP: 19/19
  8027 | D:7      | Found a shimmering altar of Xom.
  8030 | D:7      | Found a shadowy altar of Dithmenos.
  8030 | D:7      | Found a shimmering altar of Xom.
  8032 | D:7      | Found a sacrificial altar of Ru.
  8032 | D:7      | Found a sacrificial altar of Ru.
  8032 | D:7      | Found a burning altar of Makhleb.
  8184 | D:8      | Found a snail-covered altar of Cheibriados.
  8211 | D:8      | Found Ufoxism's Armour Boutique.
  8486 | D:8      | Found a staircase to the Lair.
  8573 | D:8      | Found a stormy altar of Qazlal.
  8713 | D:8      | Reached skill level 9 in Earth Magic
  8746 | D:8      | Noticed a brown ugly thing
  8751 | D:8      | Killed a brown ugly thing
  8828 | D:8      | Found an iron altar of Okawaru.
  8848 | D:8      | Offered knowledge of Searing Ray by Vehumet.
  8864 | D:8      | Reached ** piety under Vehumet
  9148 | D:8      | Found Kixzuagro's Antique Armour Shoppe.
  9604 | D:9      | Offered knowledge of Static Discharge by Vehumet.
  9677 | D:9      | Learned a level 2 spell: Passwall
  9713 | D:9      | Found a bloodstained altar of Trog.
  9744 | D:9      | Found a staircase to the Orcish Mines.
 10093 | D:9      | Noticed Garrluk's ghost (novice HuWn)
 10100 | D:9      | Reached *** piety under Vehumet
 10107 | D:9      | Reached XP level 11. HP: 58/60 MP: 21/21
 10121 | D:9      | Found an ornate altar of the Wu Jian Council.
 10281 | D:9      | Noticed an ogre mage
 10285 | D:9      | Killed an ogre mage
 10370 | D:9      | Found a transporter.
 10381 | D:9      | Found a transporter.
 10548 | D:10     | Entered Level 10 of the Dungeon
 10629 | D:10     | Offered knowledge of Ignite Poison by Vehumet.
 10980 | D:10     | Noticed a two-headed ogre
 10986 | D:10     | Killed a two-headed ogre
 11610 | D:11     | Reached **** piety under Vehumet
 11680 | D:11     | Offered knowledge of Airstrike by Vehumet.
 11730 | D:11     | Noticed a boulder beetle
 11923 | D:11     | Found a blossoming altar of Fedhas.
 12048 | D:11     | Identified the amulet of Qupped {rElec rPois Regen+ Str+3
                  | Stlth+}
 12072 | D:11     | Noticed a skeletal warrior
 12078 | D:11     | Killed a skeletal warrior
 12079 | D:11     | Reached skill level 5 in Fighting
 12079 | D:11     | Reached skill level 5 in Armour
 12094 | D:11     | Identified the amulet "Dicluatihi" {Reflect Dex+2 SH+5}
 12094 | D:11     | Noticed an orc knight
 12104 | D:11     | Killed an orc knight
 12278 | D:11     | Got a bound lead ring
 12280 | D:11     | Identified the ring "Ureecaga" {+Inv Will- AC+4 Int+6
                  | Stlth+} (You found it on level 11 of the Dungeon)
 12283 | D:11     | Got a twitching turquoise ring
 12285 | D:11     | Identified the ring "Asuefuil" {Fire Str+5 Dex+4} (You
                  | found it on level 11 of the Dungeon)
 12359 | D:11     | Noticed a manticore
 12368 | D:11     | Killed a manticore
 12369 | D:11     | Reached skill level 10 in Earth Magic
 12510 | D:11     | Noticed a centaur warrior
 12536 | D:11     | Killed a centaur warrior
 12537 | D:11     | Reached XP level 12. HP: 48/68 MP: 23/23
 13062 | D:12     | Reached skill level 5 in Maces & Flails
 13553 | D:12     | Noticed a two-headed ogre
 13559 | D:12     | Killed a two-headed ogre
 13970 | D:12     | Gained mutation: You have a somewhat thin skeletal
                  | structure. (Dex +2, Stealth) [potion of mutation]
 13970 | D:12     | Gained mutation: Your body sometimes deteriorates upon
                  | taking damage. [potion of mutation]
 13970 | D:12     | Gained mutation: You are robust. (+10% HP) [potion of
                  | mutation]
 14531 | D:13     | Found a white marble altar of Elyvilon.
 14743 | D:13     | Found Vimpeghaesi's Antique Armour Shop.
 14833 | D:13     | Noticed a boulder beetle
 14846 | D:13     | Killed a boulder beetle
 14847 | D:13     | Reached skill level 5 in Dodging
 14847 | D:13     | Reached skill level 5 in Evocations
 14856 | D:13     | Reached ***** piety under Vehumet
 15046 | D:13     | Found a gate to the Vaults.
 15046 | D:13     | Noticed a vault guard
 15069 | D:13     | Killed a vault guard
 15354 | D:14     | Offered knowledge of Irradiate by Vehumet.
 15389 | D:14     | Noticed a tengu warrior
 15415 | D:14     | Killed a tengu warrior
 15431 | D:14     | Learned a level 5 spell: Irradiate
 15609 | D:14     | Found Nefuh's Antique Armour Shoppe.
 15642 | D:14     | Found Nianly's Book Shop.
 15650 | D:14     | Bought a book of Power for 495 gold pieces
 15657 | D:14     | Learned a level 6 spell: Iron Shot
 15663 | D:14     | Learned a level 5 spell: Bolt of Magma
 15663 | D:14     | Found Erimemn's Jewellery Boutique.
 15867 | D:14     | Reached XP level 13. HP: 83/83 MP: 25/25
 16307 | D:14     | Found Cuydghel's Distillery.
 16398 | D:14     | Bought a potion of curing for 45 gold pieces
 16398 | D:14     | Bought a potion of heal wounds for 75 gold pieces
 16398 | D:14     | Bought a potion of heal wounds for 75 gold pieces
 16398 | D:14     | Bought a potion of mutation for 120 gold pieces
 16398 | D:14     | Bought a potion of berserk rage for 75 gold pieces
 16398 | D:14     | Lost mutation: Your body sometimes deteriorates upon taking
                  | damage. [potion of mutation]
 16398 | D:14     | Lost mutation: You have a somewhat thin skeletal structure.
                  | (Dex +2, Stealth) [potion of mutation]
 16398 | D:14     | Gained mutation: Potions are less effective at restoring
                  | your health. [potion of mutation]
 16398 | D:14     | Gained mutation: You are strong-willed. (Will+) [potion of
                  | mutation]
 16525 | D:14     | Reached skill level 11 in Earth Magic
 16640 | D:14     | Found Xofasaf's Magic Scroll Boutique.
 16649 | D:14     | Bought a scroll of identify for 20 gold pieces
 16649 | D:14     | Bought a scroll of blinking for 75 gold pieces
 16649 | D:14     | Bought a scroll of identify for 20 gold pieces
 16649 | D:14     | Bought a scroll of blinking for 75 gold pieces
 16649 | D:14     | Bought a scroll of teleportation for 30 gold pieces
 16980 | Lair:1   | Entered Level 1 of the Lair of Beasts
 17164 | Lair:1   | Noticed Harold
 17562 | Lair:1   | Killed Harold
 18660 | Lair:2   | Reached skill level 1 in Fire Magic
 18671 | Lair:2   | Found a hide-covered altar of Uskayaw.
 18671 | Lair:2   | Found an ornate altar of the Wu Jian Council.
 18992 | Lair:3   | Offered knowledge of Starburst by Vehumet.
 19322 | Lair:2   | Gained mutation: Your large and strong wings let you fly
                  | indefinitely. [Gargoyle growth]
 19322 | Lair:2   | Reached XP level 14. HP: 42/91 MP: 16/26
 19985 | Lair:3   | Found a staircase to the Shoals.
 20259 | Lair:3   | Reached skill level 10 in Conjurations
 20412 | Lair:3   | Lost mutation: You are strong-willed. (Will+) [potion of
                  | mutation]
 20412 | Lair:3   | Lost mutation: You are robust. (+10% HP) [potion of
                  | mutation]
 20412 | Lair:3   | Gained mutation: You are covered in fur. (AC +1) [potion of
                  | mutation]
 20412 | Lair:3   | Gained mutation: You evolve. [potion of mutation]
 20793 | Lair:4   | Learned a level 6 spell: Starburst
 21319 | Lair:4   | Found a hole to the Spider Nest.
 22218 | Lair:5   | Reached skill level 12 in Earth Magic
 22258 | Lair:5   | Reached skill level 5 in Fire Magic
 22500 | Lair:5   | Gained mutation: Your muscles are strong. (Str +2)
                  | [evolution]
 23046 | Lair:6   | Entered Level 6 of the Lair of Beasts
 23165 | Lair:6   | Reached XP level 15. HP: 75/89 MP: 14/28
 23388 | Lair:6   | Reached ****** piety under Vehumet
 23424 | Lair:6   | Noticed Iguivvom's ghost (journeyman MiBe)
 23689 | Lair:6   | Offered knowledge of Eringya's Noxious Bog by Vehumet.
 23736 | Lair:6   | Found a runed translucent gate.
 23736 | Lair:6   | Found a runed translucent gate.
 23738 | Lair:6   | Found a runed translucent gate.
 23842 | Lair:6   | Killed Iguivvom's ghost
 24044 | Lair:6   | Found a staircase to the Slime Pits.
 24850 | Orc:1    | Entered Level 1 of the Orcish Mines
 24897 | Orc:1    | Noticed Sonja
 24899 | Orc:1    | Killed Sonja
 25113 | Orc:1    | Found Tamihef's Book Boutique.
 25152 | Orc:2    | Entered Level 2 of the Orcish Mines
 25309 | Orc:2    | Found a staircase to the Elven Halls.
 25358 | Orc:2    | Found a dark tunnel.
 25367 | Volcano  | Entered a volcano
 25803 | Orc:2    | Offered knowledge of Conjure Ball Lightning by Vehumet.
 26057 | Orc:2    | Reached skill level 10 in Spellcasting
 26223 | Orc:2    | Found a transporter.
 26223 | Orc:2    | Found a transporter.
 26224 | Orc:2    | Identified the +6 demon blade "Uwathreakh" {antimagic, rF+
                  | Stlth+}
 26228 | Orc:2    | Noticed Vuinn's ghost (journeyman OgIE)
 26229 | Orc:2    | Found a bloodstained altar of Trog.
 26656 | Orc:2    | Found Utsamo Jenig's Magic Scroll Emporium.
 26657 | Orc:2    | Found Lyskopsu's Assorted Antiques.
 26657 | Orc:2    | Found Edusefum's Antique Armour Emporium.
 26658 | Orc:2    | Found Waamudimp's Book Emporium.
 26676 | Orc:2    | Reached XP level 16. HP: 81/96 MP: 30/30
 26695 | Orc:2    | Bought an emerald potion for 22 gold pieces
 26695 | Orc:2    | Bought a scroll of identify for 50 gold pieces
 26695 | Orc:2    | Bought a scroll of identify for 50 gold pieces
 26695 | Orc:2    | Bought a scroll of magic mapping for 87 gold pieces
 26695 | Orc:2    | Bought a potion of mutation for 200 gold pieces
 26695 | Orc:2    | Bought a fine leather armour for 175 gold pieces
 26698 | Orc:2    | Identified the +1 leather armour of Elitism {Will++} (You
                  | bought it in a shop on level 2 of the Orcish Mines)
 26707 | Orc:2    | Bought a pair of embroidered gloves for 165 gold pieces
 26852 | Orc:2    | Lost mutation: You are covered in fur. (AC +1) [evolution]
 26870 | Orc:1    | Found a runed translucent gate.
 26870 | Orc:1    | Found a runed translucent gate.
 26870 | Orc:1    | Found a runed translucent gate.
 26909 | Orc:1    | Noticed Vuinn's ghost (journeyman OgIE)
 26954 | Orc:1    | Offered knowledge of Ozocubu's Refrigeration by Vehumet.
 26958 | Orc:1    | Reached skill level 13 in Earth Magic
 27136 | Orc:1    | Found Icamuroxol's Antique Armour Shop.
 27145 | Orc:1    | Bought a pair of spiked gloves for 304 gold pieces
 27155 | Orc:1    | Identified the -4 pair of gloves of the Baker {Int+5
                  | Slay+3} (You bought it in a shop on level 1 of the Orcish
                  | Mines)
 27262 | Orc:1    | Killed Vuinn's ghost
 27583 | D:15     | Entered Level 15 of the Dungeon
 27723 | D:15     | Reached skill level 10 in Fighting
 27876 | D:15     | Noticed a fenstrider witch
 27878 | D:15     | Killed a fenstrider witch
 27880 | D:15     | Found a staircase to the Depths.
 28784 | Spider:1 | Entered Level 1 of the Spider Nest
 28939 | Spider:1 | Offered knowledge of Freezing Cloud by Vehumet.
 29593 | Spider:1 | Offered knowledge of Chain Lightning by Vehumet.
 29647 | Lair:4   | Lost mutation: You evolve. [potion of mutation]
 29647 | Lair:4   | Lost mutation: Your muscles are strong. (Str +2) [potion of
                  | mutation]
 29647 | Lair:4   | Gained mutation: You have a somewhat thin skeletal
                  | structure. (Dex +2, Stealth) [potion of mutation]
 29647 | Lair:4   | Lost mutation: Potions are less effective at restoring your
                  | health. [potion of mutation]
 29647 | Lair:4   | Gained mutation: You have large cloven feet. [potion of
                  | mutation]
 29647 | Lair:4   | Gained mutation: You have an increased reservoir of magic.
                  | (+10% MP) [potion of mutation]
 29989 | Spider:2 | Reached XP level 17. HP: 100/103 MP: 34/34
 30205 | Spider:2 | Identified the +2 robe of the Tanner {+Fly Dex+6 Stlth-}
                  | (You found it on level 2 of the Spider Nest)
 30439 | Spider:2 | Reached skill level 10 in Fire Magic
 30722 | Spider:2 | You are sucked into a shaft and drop 1 floor!
 31592 | Spider:3 | Reached skill level 10 in Maces & Flails
 31829 | Spider:4 | Entered Level 4 of the Spider Nest
 31958 | Shoals:1 | Entered Level 1 of the Shoals
 32394 | Shoals:1 | Found a hide-covered altar of Uskayaw.
 32746 | Shoals:1 | Reached skill level 14 in Earth Magic
 33226 | Shoals:2 | Noticed Polyphemus
 33235 | Shoals:2 | HP: 4/104 [Polyphemus/death yak (21)]
 33633 | Shoals:2 | Noticed Kirke
 33646 | Shoals:2 | Killed Kirke
 33690 | Shoals:2 | Offered knowledge of Fire Storm by Vehumet.
 33690 | Shoals:2 | Offered knowledge of Shatter by Vehumet.
 33690 | Shoals:2 | Offered knowledge of Absolute Zero by Vehumet.
 33860 | Shoals:2 | Noticed a kraken
 33868 | Shoals:2 | Killed a kraken
 34109 | Shoals:2 | Killed Polyphemus
 34110 | Shoals:2 | Reached XP level 18. HP: 110/110 MP: 18/36
 35766 | Shoals:3 | Found Jegrouky's Jewellery Shop.
 36308 | Elf:1    | Entered Level 1 of the Elven Halls
 36545 | Elf:1    | Found Ceapt's Commerce Corner.
 36746 | Elf:1    | Identified Rothyvus's Disquisition on Necromancy
 37034 | Elf:1    | Reached skill level 10 in Evocations
 37953 | Elf:2    | Found a runed translucent gate.
 37953 | Elf:2    | Found a runed translucent gate.
 37953 | Elf:2    | Found a runed translucent gate.
 38255 | Elf:3    | Entered Level 3 of the Elven Halls
 38306 | Elf:3    | Found Wampaam's Jewellery Shop.
 38332 | Elf:3    | Found Aciub's Distillery.
 38335 | Elf:3    | Found Hygan's General Store.
 38355 | Elf:3    | Found Cirrofaa's Book Shoppe.
 38376 | Elf:3    | Found Weniss's Jewellery Shop.
 38377 | Elf:3    | Found Ageshran's Book Emporium.
 38379 | Elf:3    | Found Gawasin's Jewellery Shop.
 38521 | Elf:3    | Found Ewkeup's Assorted Antiques.
 38570 | Elf:3    | Bought a book of Fire for 910 gold pieces
 38588 | Elf:3    | Learned a level 8 spell: Ignition
 39191 | Elf:3    | Reached XP level 19. HP: 96/116 MP: 38/38
 39512 | Elf:3    | Bought a coiled platinum ring for 155 gold pieces
 39515 | Elf:3    | Identified the ring "Dadiesketie" {+Inv Dex+6 Stlth+} (You
                  | bought it in a shop on level 3 of the Elven Halls)
 39695 | Elf:3    | Identified the +1 leather armour "Til Rimu" {rC+ rCorr
                  | Int+3}
 40004 | Elf:3    | Identified the +5 broad axe of Defiance {vamp, rPois}
 40082 | Elf:3    | Identified the +1 chain mail of Fogrisunt {Rampage rElec
                  | Dex-5 SInv}
 40090 | Elf:3    | Identified the +12 demon blade of Zaexikhi {venom, Int+2}
 40090 | Elf:3    | Identified the +3 buckler of the Nine Quests {Dex+4}
 40138 | Elf:3    | Got a pair of faintly humming boots
 40139 | Elf:3    | Identified the +0 pair of boots "Huties" {Stlth+} (You
                  | found it on level 3 of the Elven Halls)
 40185 | Elf:3    | Identified the Guide on Fire and the Entourage
 40408 | Elf:3    | Reached skill level 15 in Earth Magic
 40558 | Elf:3    | Identified the +4 scale mail of Resourcefulness {rN+ Dex+2
                  | Stlth+}
 40722 | Elf:3    | Found Hygan's General Store.
 40738 | Elf:3    | Found Aciub's Distillery.
 40749 | Elf:3    | Found Cirrofaa's Book Shoppe.
 40791 | Elf:3    | Found Ewkeup's Assorted Antiques.
 40854 | Elf:3    | Found Wampaam's Jewellery Shop.
 41067 | Elf:3    | Found Weniss's Jewellery Shop.
 41067 | Elf:3    | Found Ageshran's Book Emporium.
 41069 | Elf:3    | Found Gawasin's Jewellery Shop.
 41589 | Elf:3    | Bought a potion of curing for 36 gold pieces
 41589 | Elf:3    | Bought a potion of heal wounds for 60 gold pieces
 41948 | Spider:4 | Noticed Asterion
 41955 | Spider:4 | Killed Asterion
 42252 | Spider:4 | Reached skill level 1 in Shields
 42264 | Spider:4 | Reached skill level 5 in Shields
 42475 | Spider:4 | Reached XP level 20. HP: 122/122 MP: 33/39
 42586 | Spider:4 | Identified the +8 flail of Discretion {flame, rElec} (You
                  | found it on level 4 of the Spider Nest)
 42942 | Spider:4 | Reached skill level 10 in Dodging
 43102 | Spider:4 | Got a gossamer rune of Zot
 43362 | Shoals:4 | Entered Level 4 of the Shoals
 43779 | Shoals:4 | Got a barnacled rune of Zot
 44217 | Shoals:4 | Found Neunaj's Assorted Antiques.
 44227 | Shoals:4 | Bought a scroll of identify for 46 gold pieces
 44364 | Shoals:4 | Reached skill level 15 in Fire Magic
 44364 | Shoals:4 | Reached skill level 16 in Earth Magic
 44693 | Shoals:4 | Identified the +1 robe "Utoxy" {Rampage *Slow rPois Stlth+}
                  | (You found it on level 4 of the Shoals)
 45123 | Vaults:1 | Entered Level 1 of the Vaults
 46247 | Vaults:1 | You are sucked into a shaft and drop 1 floor!
 46611 | Vaults:2 | Reached XP level 21. HP: 129/129 MP: 41/41
 47010 | Vaults:2 | Found Ykuabroi's Weapon Shoppe.
 47037 | Vaults:2 | Bought a +0 demon whip for 225 gold pieces
 47737 | Vaults:2 | Reached skill level 17 in Earth Magic
 48282 | Vaults:1 | Identified a scroll of acquirement
 48282 | Vaults:1 | Acquired 907 gold pieces
 48692 | Vaults:3 | Learned a level 9 spell: Shatter
 49452 | Vaults:3 | Found a staircase to the Crypt.
 49452 | Vaults:3 | Found an ancient bone altar of Kikubaaqudgha.
 49453 | Vaults:3 | Found a basalt altar of Yredelemnul.
 50097 | Vaults:4 | Reached XP level 22. HP: 124/136 MP: 42/42
 50377 | Vaults:4 | Reached skill level 18 in Earth Magic
 51057 | Vaults:4 | Found a gateway to a bazaar.
 51095 | Vaults:4 | Reached skill level 15 in Conjurations
 51288 | Vaults:4 | Reached XP level 23. HP: 141/141 MP: 44/44
 51549 | Vaults:4 | Acquired 830 gold pieces
 51553 | Vaults:4 | Acquired 1122 gold pieces
 51557 | Vaults:4 | Acquired a +4 vorpal eveningstar
 51762 | Vaults:4 | Lost mutation: You have an increased reservoir of magic.
                  | (+10% MP) [a shining eye]
 51955 | Bazaar   | Entered a bazaar
 51956 | Bazaar   | Found Pohal's Antique Weapon Shoppe.
 51960 | Bazaar   | Found Ceuskotu's Weapon Boutique.
 51967 | Bazaar   | Found Tedej's Magic Scroll Boutique.
 51973 | Bazaar   | Found Hedeoh's General Store.
 51981 | Bazaar   | Found Figg's General Store.
 52001 | Bazaar   | Bought 2 potions of heal wounds for 70 gold pieces
 52014 | Bazaar   | Bought a potion of curing for 42 gold pieces
 52014 | Bazaar   | Bought a potion of curing for 42 gold pieces
 52014 | Bazaar   | Bought a scroll of identify for 28 gold pieces
 52025 | Bazaar   | Bought a scroll of identify for 18 gold pieces
 52025 | Bazaar   | Bought a scroll of summoning for 85 gold pieces
 52025 | Bazaar   | Bought a scroll of holy word for 67 gold pieces
 52025 | Bazaar   | Bought a scroll of identify for 18 gold pieces
 52025 | Bazaar   | Bought a scroll of teleportation for 27 gold pieces
 52025 | Bazaar   | Bought a scroll of identify for 18 gold pieces
 52025 | Bazaar   | Bought a scroll of identify for 18 gold pieces
 52025 | Bazaar   | Bought a scroll of magic mapping for 31 gold pieces
 52025 | Bazaar   | Bought a scroll of identify for 18 gold pieces
 52025 | Bazaar   | Bought a scroll of enchant weapon for 67 gold pieces
 52025 | Bazaar   | Bought a scroll of identify for 18 gold pieces
 52033 | Bazaar   | Bought a scroll of torment for 67 gold pieces
 52123 | Vaults:5 | Entered Level 5 of the Vaults
 52128 | Vaults:5 | Found Gunek's Magic Scroll Shop.
 52504 | Vaults:5 | Noticed a golden dragon
 52507 | Vaults:5 | Killed a golden dragon
 52508 | Vaults:5 | Reached skill level 19 in Earth Magic
 52508 | Vaults:5 | Reached XP level 24. HP: 129/148 MP: 37/40
 52986 | Vaults:5 | Identified the ring "Xabuxtunt" {Str+6 Int+4}
 53132 | Vaults:5 | Got a silver rune of Zot
 53344 | Vaults:5 | Bought a scroll of summoning for 142 gold pieces
 53344 | Vaults:5 | Bought a scroll of identify for 30 gold pieces
 53344 | Vaults:5 | Bought a scroll of identify for 30 gold pieces
 53344 | Vaults:5 | Bought a scroll of holy word for 112 gold pieces
 53712 | Vaults:5 | Reached skill level 15 in Fighting
 53823 | Vaults:5 | Found Qateb's Magic Scroll Emporium.
 53831 | Vaults:5 | Bought a scroll of identify for 30 gold pieces
 53831 | Vaults:5 | Bought a scroll of identify for 30 gold pieces
 53831 | Vaults:5 | Bought a scroll of identify for 30 gold pieces
 53831 | Vaults:5 | Bought a scroll of magic mapping for 52 gold pieces
 53831 | Vaults:5 | Bought a scroll of identify for 30 gold pieces
 53831 | Vaults:5 | Bought a scroll of identify for 30 gold pieces
 53831 | Vaults:5 | Bought a scroll of summoning for 142 gold pieces
 53998 | Vaults:5 | Found Tiggorev's Antique Armour Shoppe.
 54332 | Vaults:5 | Found Viva Cyt's Distillery.
 54338 | Vaults:5 | Bought a potion of cancellation for 144 gold pieces
 54338 | Vaults:5 | Bought a potion of brilliance for 72 gold pieces
 54338 | Vaults:5 | Bought 2 potions of magic for 288 gold pieces
 54338 | Vaults:5 | Bought a potion of might for 72 gold pieces
 54338 | Vaults:5 | Bought a potion of brilliance for 72 gold pieces
 54338 | Vaults:5 | Bought a potion of might for 72 gold pieces
 54338 | Vaults:5 | Bought a potion of curing for 54 gold pieces
 54338 | Vaults:5 | Bought a potion of might for 72 gold pieces
 54338 | Vaults:5 | Bought a potion of curing for 54 gold pieces
 54338 | Vaults:5 | Bought a potion of heal wounds for 90 gold pieces
 54338 | Vaults:5 | Bought a potion of haste for 180 gold pieces
 54341 | Vaults:5 | Found Cailiufu's Magic Scroll Shoppe.
 54344 | Vaults:5 | Found Seamp's Distillery.
 54348 | Vaults:5 | Bought a scroll of magic mapping for 59 gold pieces
 54348 | Vaults:5 | Bought 2 scrolls of fog for 68 gold pieces
 54348 | Vaults:5 | Bought a scroll of blinking for 127 gold pieces
 54348 | Vaults:5 | Bought 3 scrolls of holy word for 382 gold pieces
 54348 | Vaults:5 | Bought a scroll of identify for 34 gold pieces
 54348 | Vaults:5 | Bought a scroll of identify for 34 gold pieces
 54348 | Vaults:5 | Bought a scroll of identify for 34 gold pieces
 54352 | Vaults:5 | Bought 2 potions of ambrosia for 288 gold pieces
 54352 | Vaults:5 | Bought a potion of haste for 180 gold pieces
 54352 | Vaults:5 | Bought 2 potions of curing for 108 gold pieces
 54352 | Vaults:5 | Bought a potion of heal wounds for 90 gold pieces
 54352 | Vaults:5 | Bought 2 potions of invisibility for 288 gold pieces
 54352 | Vaults:5 | Bought a potion of invisibility for 144 gold pieces
 54352 | Vaults:5 | Bought a potion of magic for 144 gold pieces
 54352 | Vaults:5 | Bought a potion of haste for 180 gold pieces
 54352 | Vaults:5 | Bought a potion of curing for 54 gold pieces
 54352 | Vaults:5 | Bought a potion of haste for 180 gold pieces
 54541 | Vaults:5 | Found Ukhaf's Magic Scroll Emporium.
 54576 | Vaults:5 | Bought 2 scrolls of identify for 80 gold pieces
 54576 | Vaults:5 | Bought a scroll of magic mapping for 70 gold pieces
 54583 | Vaults:5 | Found Kyfi's Magic Scroll Shoppe.
 54588 | Vaults:5 | Bought a scroll of identify for 32 gold pieces
 54588 | Vaults:5 | Bought a scroll of blinking for 120 gold pieces
 54588 | Vaults:5 | Bought a scroll of identify for 32 gold pieces
 54588 | Vaults:5 | Bought 2 scrolls of magic mapping for 112 gold pieces
 54594 | Vaults:5 | Found Awuheoma's Magic Scroll Emporium.
 54957 | Depths:1 | Entered Level 1 of the Depths
 55130 | Depths:1 | Found a gateway to a ziggurat.
 55203 | Depths:1 | Reached skill level 20 in Earth Magic
 55240 | Depths:1 | Noticed the Enchantress
 55246 | Depths:1 | Killed the Enchantress
 55388 | Depths:1 | Reached XP level 25. HP: 155/155 MP: 33/41
 55461 | Depths:1 | Learned a level 9 spell: Fire Storm
 55675 | Depths:1 | Found Samol's General Store.
 55683 | Depths:1 | Bought a potion of curing for 54 gold pieces
 55683 | Depths:1 | Bought a scroll of identify for 36 gold pieces
 55741 | Depths:1 | Found a gateway to Hell.
 56952 | D:9      | Got a clouded glass ring
 56953 | D:9      | Identified the ring "Cob Qyfo" {Will+ Str-5 Int+3 Stlth+}
                  | (You found it on level 9 of the Dungeon)
 57041 | D:9      | Killed Garrluk's ghost
 57579 | Orc:2    | Killed Vuinn's ghost
 57596 | Orc:2    | Identified the +1 leather armour "Asotialiss" {Rampage
                  | rPois Str+3 Int+4} (You found it on level 2 of the Orcish
                  | Mines)
 58383 | Depths:2 | Gained mutation: Your body sometimes deteriorates upon
                  | taking damage. [mutagenic glow]
 58549 | Depths:2 | Found Vuontij's Armour Shoppe.
 58693 | Depths:2 | Found Mung's Jewellery Shoppe.
 58754 | Depths:2 | Found a one-way gate to the infinite horrors of the Abyss.
 59894 | Depths:3 | Found a one-way gate leading to the halls of Pandemonium.
 60038 | Depths:3 | Found a transporter.
 60175 | Depths:3 | Found a transporter.
 60201 | Depths:3 | Noticed a juggernaut
 60202 | Depths:3 | Noticed a juggernaut
 60204 | Depths:3 | Killed a juggernaut
 60206 | Depths:3 | Killed a juggernaut
 60249 | Depths:3 | Got a clouded turquoise ring
 60257 | Depths:3 | Got a scorched diamond amulet
 60259 | Depths:3 | Identified the Collected Works on Unstable Snow
 60261 | Depths:3 | Identified the ring "Rygguvod" {rF+ rC+ Int+2 Stlth+} (You
                  | found it on level 3 of the Depths)
 60262 | Depths:3 | Identified the amulet "Soqupn" {Regen+ Int+3} (You found it
                  | on level 3 of the Depths)
 60331 | Depths:4 | Found a flickering gateway to a bazaar.
 60341 | Bazaar   | Entered a bazaar
 60458 | Bazaar   | Found Kugany's Antique Armour Emporium.
 60458 | Bazaar   | Found Unekiben's Book Shoppe.
 60480 | Bazaar   | Found Teba's General Store.
 60504 | Bazaar   | Found Iwneifunig's Book Shoppe.
 60528 | Bazaar   | Upgraded the game from 0.27-a0-412-g8dd771eca2 to
                  | 0.27-a0-416-gca2cecf3c0
 60537 | Depths:4 | Reached skill level 21 in Earth Magic
 60852 | Depths:4 | Reached XP level 26. HP: 127/163 MP: 13/41
 61495 | Depths:4 | Found a runed translucent door.
 61903 | Depths:4 | Found a broken altar of Ashenzari.
 62527 | Depths:3 | Identified glimmering swamp dragon scales
 62671 | Depths:5 | Entered Level 5 of the Depths
 62831 | Depths:5 | Found a gate to the Realm of Zot.
 63172 | Depths:5 | Found Sianeil's Demolitions Depot.
 63532 | Depths:5 | Found Zasut's Assorted Antiques.
 64528 | Crypt:1  | Entered Level 1 of the Crypt
 64578 | Crypt:1  | Reached skill level 15 in Maces & Flails
 64658 | Crypt:1  | Noticed Aizul
 64679 | Crypt:1  | Killed Aizul
 64877 | Crypt:1  | Reached skill level 15 in Spellcasting
 64877 | Crypt:1  | Reached skill level 22 in Earth Magic
 65915 | Crypt:2  | Noticed Frederick
 65918 | Crypt:2  | Killed Frederick
 66007 | Crypt:2  | Reached XP level 27. HP: 169/169 MP: 42/42
 66364 | Crypt:2  | Identified a smoking rapier
 66745 | Crypt:2  | Found a basalt altar of Yredelemnul.
 66756 | Crypt:3  | Entered Level 3 of the Crypt
 66808 | Crypt:3  | Found a magical portal.
 66814 | WizLab   | Entered The Chambers of the Cloud Mage
 68085 | WizLab   | Identified Dachatem's Guide on Lightness
 68397 | Crypt:3  | Found a basalt altar of Yredelemnul.
 68460 | Crypt:3  | Lost mutation: Your body sometimes deteriorates upon taking
                  | damage. [potion of mutation]
 68460 | Crypt:3  | Gained mutation: You evolve. [potion of mutation]
 68460 | Crypt:3  | Lost mutation: You evolve. [potion of mutation]
 68460 | Crypt:3  | Gained mutation: You have a pair of small antennae on your
                  | head. [potion of mutation]
 68461 | Crypt:3  | Lost mutation: You have a pair of small antennae on your
                  | head. [potion of mutation]
 68461 | Crypt:3  | Lost mutation: You have large cloven feet. [potion of
                  | mutation]
 68461 | Crypt:3  | Gained mutation: You have a pair of small horns on your
                  | head. [potion of mutation]
 68461 | Crypt:3  | Lost mutation: You have a pair of small horns on your head.
                  | [potion of mutation]
 68461 | Crypt:3  | Gained mutation: You are weak. (Str -2) [potion of
                  | mutation]
 68461 | Crypt:3  | Gained mutation: You are partially covered in iridescent
                  | scales. (AC +2) [potion of mutation]
 68462 | Crypt:3  | Lost mutation: You are partially covered in iridescent
                  | scales. (AC +2) [potion of mutation]
 68462 | Crypt:3  | Lost mutation: You are weak. (Str -2) [potion of mutation]
 68462 | Crypt:3  | Lost mutation: You have a somewhat thin skeletal structure.
                  | (Dex +2, Stealth) [potion of mutation]
 68462 | Crypt:3  | Gained mutation: You are frail. (-10% HP) [potion of
                  | mutation]
 68462 | Crypt:3  | Gained mutation: You have a pair of small antennae on your
                  | head. [potion of mutation]
 68463 | Crypt:3  | Lost mutation: You have a pair of small antennae on your
                  | head. [potion of mutation]
 68463 | Crypt:3  | Lost mutation: You are frail. (-10% HP) [potion of
                  | mutation]
 68463 | Crypt:3  | Gained mutation: You are partially covered in large bone
                  | plates. (SH +4) [potion of mutation]
 68463 | Crypt:3  | Gained mutation: You expend magic power (3 MP) to
                  | strengthen your wands. [potion of mutation]
 68463 | Crypt:3  | Gained mutation: You are dopey. (Int -2) [potion of
                  | mutation]
 68463 | Crypt:3  | Gained mutation: You are agile. (Dex +2) [potion of
                  | mutation]
 68464 | Crypt:3  | Lost mutation: You are dopey. (Int -2) [potion of mutation]
 68464 | Crypt:3  | Lost mutation: You are agile. (Dex +2) [potion of mutation]
 68464 | Crypt:3  | Lost mutation: You are partially covered in large bone
                  | plates. (SH +4) [potion of mutation]
 68464 | Crypt:3  | Gained mutation: You are strong-willed. (Will+) [potion of
                  | mutation]
 68464 | Crypt:3  | Gained mutation: You are robust. (+10% HP) [potion of
                  | mutation]
 68724 | Crypt:3  | Found an ancient bone altar of Kikubaaqudgha.
 68724 | Crypt:3  | Found a basalt altar of Yredelemnul.
 68732 | Crypt:3  | Found the +13 scythe of Curses {drain, *Drain}
 68748 | Crypt:3  | Identified a vibrating brass ring
 68748 | Crypt:3  | Identified a wavering gossamer ring
 68748 | Crypt:3  | Identified a fine jade ring
 68782 | Crypt:3  | Identified a crude rapier
 69069 | Crypt:3  | Found a staircase to the Tomb.
 70145 | Slime:1  | Entered Level 1 of the Pits of Slime
 70147 | Slime:1  | Found a viscous altar of Jiyva.
 70294 | Slime:5  | Entered Level 5 of the Pits of Slime
 70540 | Slime:5  | Noticed the Royal Jelly
 70540 | Slime:5  | Noticed Donald
 70544 | Slime:5  | Killed Donald
 70544 | Slime:5  | Killed the Royal Jelly
 70972 | Slime:5  | Found the ring of the Tortoise {AC+8}
 71011 | Slime:5  | Got a slimy rune of Zot
 71019 | Slime:5  | Identified a heavily runed ruby amulet
 71043 | Slime:5  | Identified an ebony mace
 71060 | Slime:5  | Identified a transparent amber ring
 71064 | Slime:5  | Identified a coiled silver ring
 71071 | Slime:5  | Identified a translucent glaive
 71467 | Elf:3    | Bought a Necronomicon for 1766 gold pieces
 71914 | Vaults:5 | Bought a scroll of amnesia for 52 gold pieces
 71927 | Vaults:5 | Learned a level 8 spell: Necromutation
 72255 | Zig:1    | Entered Level 1 of a ziggurat
 72290 | Zig:2    | Entered Level 2 of a ziggurat
 72293 | Zig:2    | Reached skill level 1 in Transmutations
 72309 | Zig:3    | Entered Level 3 of a ziggurat
 72314 | Zig:3    | Reached skill level 1 in Necromancy
 72324 | Zig:3    | Identified a smoking marble ring
 72421 | Zig:4    | Entered Level 4 of a ziggurat
 72432 | Zig:4    | Identified the Disquisition on Air and Companions
 72444 | Zig:5    | Entered Level 5 of a ziggurat
 72449 | Zig:5    | Noticed an ancient lich
 72453 | Zig:5    | Killed an ancient lich
 72466 | Zig:5    | Identified a twitching silver ring
 72533 | Zig:6    | Entered Level 6 of a ziggurat
 72622 | Zig:7    | Entered Level 7 of a ziggurat
 72629 | Zig:7    | Noticed an ancient lich
 72629 | Zig:7    | Noticed a dread lich
 72632 | Zig:7    | Killed an ancient lich
 72632 | Zig:7    | Killed a dread lich
 72633 | Zig:7    | Reached skill level 5 in Necromancy
 72633 | Zig:7    | Reached skill level 5 in Transmutations
 72653 | Zig:8    | Entered Level 8 of a ziggurat
 72682 | Zig:8    | Identified a glimmering dire flail
 72684 | Zig:8    | Identified an iridescent shortbow
 72691 | Zig:8    | Identified a shimmering granite ring
 72702 | Zig:8    | Identified a twisted broad axe
 72720 | Zig:9    | Entered Level 9 of a ziggurat
 72797 | Zig:9    | Identified a shimmering bardiche
 72810 | Zig:10   | Entered Level 10 of a ziggurat
 72866 | Zig:10   | Identified Sif Muna's Handbook of the Voyage and
                  | Bewitchment
 72876 | Zig:10   | Identified a slimy spear
 72881 | Zig:11   | Entered Level 11 of a ziggurat
 72993 | Zig:11   | Found the +7 lajatang of Order {silver, rMut}
 73015 | Zig:11   | Identified Sif Muna's Reference Book on Lethal Dark Rituals
 73023 | Zig:11   | Identified an ebony giant club
 73035 | Zig:12   | Entered Level 12 of a ziggurat
 73046 | Zig:12   | Noticed a juggernaut
 73047 | Zig:12   | Noticed a juggernaut
 73047 | Zig:12   | Noticed a juggernaut
 73050 | Zig:12   | Killed a juggernaut
 73050 | Zig:12   | Killed a juggernaut
 73051 | Zig:12   | Killed a juggernaut
 73076 | Zig:12   | Identified a bone shortbow
 73113 | Zig:13   | Entered Level 13 of a ziggurat
 73125 | Zig:13   | Noticed a royal mummy
 73131 | Zig:13   | Noticed a royal mummy
 73132 | Zig:13   | Killed a royal mummy
 73138 | Zig:13   | Killed a royal mummy
 73139 | Zig:13   | Reached skill level 10 in Necromancy
 73149 | Zig:13   | Found the +5 sword of Power {vorpal}
 73158 | Zig:14   | Entered Level 14 of a ziggurat
 73238 | Zig:14   | Reached skill level 10 in Transmutations
 73379 | Zig:14   | Identified a jewelled hunting sling
 73388 | Zig:15   | Entered Level 15 of a ziggurat
 73478 | Zig:15   | Identified a smoking hunting sling
 73498 | Zig:15   | Acquired 679 gold pieces
 73663 | Zig:16   | Entered Level 16 of a ziggurat
 73691 | Zig:16   | Identified a bound pewter ring
 73702 | Zig:16   | Identified a faintly glowing morningstar
 73726 | Zig:17   | Entered Level 17 of a ziggurat
 73740 | Zig:17   | Reached skill level 15 in Necromancy
 73758 | Zig:17   | HP: 7/189 [iron giant/+0 giant club (22)]
 73759 | Zig:17   | Slain by an iron giant

Illustrated notes

Levels and vault maps discovered:
D:1:      dpeg_arrival_caged_fury, layout_basic, minmay_pentomino_v4
D:2:      cheibrodos_fertilizer, layout_rooms,
          grunt_dithmenos_smoke_and_mirrors, fedhas_altar_2
D:3:      layout_rooms, general_overflow_altar
D:4:      layout_basic, eat_drink_and_be_merry_uskayaw, hangedman_decor_lopped,
          minivault_4, tso_metal_star
D:5:      layout_basic, nicolae_overflow_crystal_walls, gup_sewer_entry_bubbles,
          uniq_crazy_yiuf_cottage, uniq_grinder
D:6:      layout_rooms, temple_green, basic_altar, tgw_kikubaaqudgha,
          uniq_blork_the_orc
D:7:      kennysheep_seaside_town, layout_cave_pools, doesnt_xom_only_xom
D:8:      layout_cave_pods, nicolae_qazlal_general_emergency,
          okawaru_gym_becter, old_standard_altar,
          grunt_lair_entry_orc_guard_hut, serial_shops, shop, shop
D:9:      layout_basic, kennysheep_mini_moat, kennysheep_mini,
          hiddenorc1_lemuel, gammafunk_ghost_hive, minivault_21,
          minmay_variable_closet, kennysheep_cluttered_room,
          kennysheep_just_a_vault
D:10:     layout_loops_cross
D:11:     minmay_the_grid_triangle_9x9_rhombus_thin_mashed
          [minmay_the_grid_triangle_9x9_wacky_v,
          minmay_the_grid_triangle_9x9_prize_special,
          minmay_the_grid_triangle_9x9_shrine,
          minmay_the_grid_triangle_9x9_flanged_cone], layout_long_grid
D:12:     layout_layer_cave
D:13:     layout_rooms, david_vaults_5, serial_shops, shop,
          chequers_serial_rivers_room_a, minivault_5, elyvilon_altar_4
D:14:     layout_basic, serial_shops, shop_fountains, shop, nicolae_shop_stone,
          shop, shop, minivault_26
D:15:     gammafunk_enter_depths_forms, layout_irregular_city,
          kennysheep_doodads
Temple:   eino_wide_crystal_templ
Lair:1:   layout_cave_pods, uniq_harold
Lair:2:   layout_cave_pods, st_stairs_10, chequers_serial_rivers_marsh,
          minivault_25, nzn_masters_of_martial_movement
Lair:3:   layout_cave_pods, minmay_shoals_entry_centaurs, grunt_megastairs_1
Lair:4:   layout_gridlike, nicolae_spider_entry_orb_guardian, minivault_25,
          lemuel_fruit_tree, grunt_megastairs_4
Lair:5:   layout_gridlike, beast_lair_carwin_1
Lair:6:   minmay_lair_end_enchanted_forest, layout_big_grid, slime_dummy,
          gammafunk_ghost_split, serial_bayou_shore_b, lemuel_fruit_fields,
          serial_bayou_shore_b
Shoals:1: layout_shoals, regret_index_shoals_crete
Shoals:2: layout_shoals, uniq_polyphemus, uniq_kirke
Shoals:3: layout_shoals, serial_shops, shop
Shoals:4: shoals_end_simple, layout_shoals, serial_shops,
          nicolae_shop_overgrown_old_shop, nicolae_shoals_isolated_beach
Spider:1: layout_spider_delve, drop_trap, hangedman_spider_mandibles,
          nicolae_spider_webs_and_nodes
Spider:2: layout_chambers
Spider:3: layout_spider_delve, drop_trap
Spider:4: grunt_spider_rune_circles, nicolae_spider_shape, uniq_asterion
Slime:1:  layout_caves, basic_altar
Slime:2:  layout_caves
Slime:3:  layout_caves
Slime:4:  layout_caves
Slime:5:  uniq_donald
Orc:1:    layout_caves, ebering_ghost_rock_garden, serial_shops,
          nicolae_shop_waterfront, guppyfry_orc_lava_fort, uniq_sonja
Orc:2:    st_orc_pillars, layout_diamond_mine, nicolae_volcano_entry_two_sided,
          gammafunk_ghost_wrathful_warriors
Elf:1:    eino_elf_arrival_sip, layout_loops_corners, minmay_elf_necromancy,
          st_stairs_4, nicolae_alphabet_shops
Elf:2:    layout_geoelf_octagon, minmay_misc_feat_five
Elf:3:    minmay_elf_hall_statues, layout_geoelf_castle, serial_shops,
          nicolae_shop_stone, shop, shop_statue, nicolae_shop_statue_plus,
          nicolae_shop_overgrown_old_shop, grunt_ministairs_6, minmay_shop_grove
Vaults:1: vaults_room_grunt_arrival_ludios, serial_ice_m,
          nicolae_vaults_yaktaur_gun_rack, nicolae_vaults_alarming,
          nicolae_vaults_three_branches, hangedman_vaults_restitches,
          nicolae_vaults_mini_display_case, v_misc_14, ontoclasm_vaults_pinch,
          layout_vaults_omnigrid
Vaults:2: v_pattern_2, v_misc_13, v_alt_pattern_3, hangedman_vaults_nodes,
          v_rooms_1, grunt_vaults_bifocal, v_misc_19,
          nicolae_vaults_network_star, grunt_vaults_diagonal,
          nicolae_vaults_theta, nicolae_vaults_network_square,
          hangedman_vaults_variations, vaults_room_door_ring,
          layout_vaults_maze_bifur, serial_shops, shop_coins
Vaults:3: vaults_room_semicircle, v_alt_pattern_1,
          minmay_crypt_entry_necro_gods, v_alt_pattern_5, v_misc_29, v_misc_10,
          grunt_vaults_funnel, vaults_room_corners, hangedman_vaults_cutoff,
          vaults_room_ringed_pool, ontoclasm_vaults_ring_small,
          vaults_room_guarded_vault, nicolae_vaults_little_squares_4,
          layout_vaults_ring
Vaults:4: nicolae_vaults_network_quinsquares
          [nicolae_vaults_network_quincunx_subvault,
          nicolae_vaults_network_quincunx_subvault,
          nicolae_vaults_network_quincunx_subvault,
          nicolae_vaults_network_quincunx_subvault],
          hangedman_vaults_river_flow, ontoclasm_vaults_ring_large,
          vaults_room_corners, nicolae_vaults_disjoint_gnomons,
          vaults_room_stairs_pillars, nicolae_vaults_network_periphery,
          ontoclasm_vaults_claustrophobia, vaults_room_pool, v_alt_pattern_2,
          ontoclasm_vaults_ligature, nicolae_vaults_angled_halls,
          nicolae_vaults_little_squares_2, layout_vaults_big_cross,
          serial_shops, statue_bzr, serial_glass
Vaults:5
Crypt:1:  layout_rooms, uniq_aizul
Crypt:2:  layout_gridlike, lemuel_statue_altar, uniq_frederick
Crypt:3:  lightli_unholy_cathedral, layout_chaotic_city,
          tomb_entry_sphere_bobbens, mu_enter_wizlab_1, basic_altar
Depths:1: layout_gridlike, enter_ziggurat_d, pf_vacation_house_of_asmodeus,
          serial_shops, nicolae_shop_waterfront, kilobyte_mutagenic_chamber,
          uniq_enchantress
Depths:2: cheibrodos_birdhouse, layout_basic, abyss_entry,
          kennysheep_cross_room, hell_entry, serial_shops, nicolae_shop_trees,
          shop_fountains, serial_bayou_shore_a
Depths:3: gammafunk_its_a_trap, layout_basic, pan_entry, nicolae_two_hexagons,
          hell_entry
Depths:4: cheibrodos_tormentor_scu, layout_basic, evilmike_ruin_ashenzari,
          abyss_entry, hangedman_coc_ice_floe, serial_shops, bzr_entry_dummy,
          grunt_decor_fettered, lightli_giant_bouncers
Depths:5: grunt_crosshair, layout_honeycomb, serial_shops, nicolae_shop_stone,
          hell_entry, nicolae_blasting_shop, minmay_tree_intersection
Zig:17

Skill      XL: |  1  2  3  4  5  6  7  8  9 10 11 12 13 14 15 16 17 18 19 20 21 22 23 24 25 26 27 |
---------------+----------------------------------------------------------------------------------+-----
Earth Magic    | 4 5 6 7 8 9 10 11 12 13 14 15 16 17 18 19 20 21 22 | 22.0
Conjurations   | 1 2 3 5 6 7 8 9 10 11 12 13 14 15 16 17 18 | 18.1
Spellcasting   | 3 4 5 6 7 8 9 10 11 12 13 14 15 | 15.8
Short Blades   | 3 5 6 7 8 |  8.0
Fighting       | 2 3 5 6 7 8 9 10 11 12 13 14 15 16 17 | 17.4
Armour         | 2 3 5 6 |  6.0
Maces & Flails | 2 3 4 6 7 8 9 10 11 12 13 14 15 16 | 16.0
Dodging        | 2 3 4 5 6 7 8 9 10 11 12 13 14 | 14.0
Evocations     | 1 3 4 5 6 7 8 9 10 | 10.0
Fire Magic     | 2 6 8 9 11 12 14 15 16 17 18 | 18.9
Shields        | 5 |  5.0
Stealth        | 6 |  6.2
Transmutations | 10 | 10.0
Necromancy     | 15 | 15.6

Action                   |  1- 3 |  4- 6 |  7- 9 | 10-12 | 13-15 | 16-18 | 19-21 | 22-24 | 25-27 || total
-------------------------+-------+-------+-------+-------+-------+-------+-------+-------+-------++-------
Melee: Club              |    26 |       |       |       |       |       |       |       |       ||    26
       Unarmed           |     3 |       |       |       |       |       |       |       |     1 ||     4
       Short sword       |    41 |       |       |       |       |       |       |       |       ||    41
       Mace              |    57 |   181 |    63 |       |       |       |       |       |       ||   301
       Pair of quick bla |       |       |   121 |   796 |  1481 |  1208 |   702 |   188 |  1226 ||  5722
 Cast: Sandblast         |    15 |    40 |    56 |    10 |    11 |     2 |     1 |       |       ||   135
       Stone Arrow       |     1 |       |     1 |    22 |       |       |       |       |     6 ||    30
       Lee's Rapid Decon |       |     5 |     7 |    11 |    16 |    38 |    23 |     4 |    13 ||   117
       Iron Shot         |       |       |       |       |    56 |   100 |   123 |    62 |   170 ||   511
       Bolt of Magma     |       |       |       |       |    13 |    27 |    18 |       |       ||    58
       Irradiate         |       |       |       |       |    10 |    18 |       |       |       ||    28
       Starburst         |       |       |       |       |     4 |    19 |       |       |       ||    23
       Ignition          |       |       |       |       |       |     1 |    77 |     2 |    54 ||   134
       Shatter           |       |       |       |       |       |       |     1 |    69 |   148 ||   218
       Fire Storm        |       |       |       |       |       |       |       |       |    20 ||    20
 Abil: Fly               |       |       |       |       |     1 |       |       |       |       ||     1
       Evoke Invisibilit |       |       |       |       |     1 |       |       |       |       ||     1
       Stop Flying       |       |       |       |       |       |       |       |       |     1 ||     1
Evoke: Wand              |       |       |       |     1 |     7 |       |     5 |     3 |     2 ||    18
       Lightning rod     |       |       |       |       |     2 |     1 |     2 |       |       ||     5
       Condenser vane    |       |       |       |       |     1 |     4 |       |     1 |     4 ||    10
       Tin of tremorston |       |       |       |       |       |       |       |     3 |     2 ||     5
  Use: Scroll            |       |    10 |     8 |    12 |     7 |    11 |    10 |    13 |    16 ||    87
       Potion            |       |       |     2 |     3 |     6 |     6 |     3 |     2 |    27 ||    49
 Stab: Sleeping          |     3 |     1 |     2 |    17 |    21 |    21 |     7 |     2 |     9 ||    83
       Paralysed         |       |       |       |     7 |     5 |       |       |       |       ||    12
       Distracted        |       |       |       |     1 |     1 |     2 |     4 |     1 |     2 ||    11
       Invisible         |       |       |       |       |     9 |       |       |       |       ||     9
       Confused          |       |       |       |       |       |     2 |       |       |       ||     2
Armor: Robe              |    48 |    89 |    90 |   197 |   298 |   419 |   244 |    68 |   447 ||  1900
       Acid dragon scale |       |       |       |       |       |       |       |       |    43 ||    43
Dodge: Dodged            |    92 |   165 |   107 |   197 |   373 |   551 |   309 |    97 |   556 ||  2447

Table legend: (Time is in decaauts)
 A = Elapsed time spent in this place.
 B = Non-inter-level travel time spent in this place.
 C = Inter-level travel time spent in this place.
 D = Time resting spent in this place.
 E = Time spent auto-exploring this place.
 F = Levels seen in this place.
 G = Mean time per level.
                   A        B        C        D        E       F      G
               +--------+--------+--------+--------+--------+-----+--------+
         Total |  70096 |  62282 |   7814 |   9733 |  39020 |  75 |  934.6 |
       Dungeon |  20032 |  17058 |   2974 |   1998 |  11336 |  15 | 1335.5 |
        Temple |      5 |      2 |      3 |      0 |      2 |   1 |    5.0 |
          Lair |   7972 |   6793 |   1179 |    802 |   4778 |   6 | 1328.7 |
        Shoals |   5379 |   5003 |    376 |    832 |   3196 |   4 | 1344.8 |
   Spider Nest |   4033 |   3675 |    358 |    479 |   2359 |   4 | 1008.2 |
    Slime Pits |    980 |    919 |     61 |    539 |      0 |   5 |  196.0 |
  Orcish Mines |   2319 |   1996 |    323 |    224 |   1125 |   2 | 1159.5 |
   Elven Halls |   5237 |   4694 |    543 |    574 |   3069 |   3 | 1745.7 |
        Vaults |  10091 |   8688 |   1403 |   1090 |   6204 |   5 | 2018.2 |
         Crypt |   2990 |   2921 |     69 |    182 |   1910 |   3 |  996.7 |
        Depths |   7363 |   6843 |    520 |   1577 |   4260 |   5 | 1472.6 |
      Ziggurat |   1470 |   1470 |      0 |    657 |      0 |  17 |   86.5 |
        Bazaar |    289 |    289 |      0 |      0 |    204 |   2 |  144.5 |
         Sewer |    208 |    208 |      0 |      0 |    139 |   1 |  208.0 |
       Volcano |    302 |    302 |      0 |      0 |    216 |   1 |  302.0 |
        Wizlab |   1420 |   1420 |      0 |    779 |    220 |   1 | 1420.0 |
               +--------+--------+--------+--------+--------+-----+--------+

Top non-repeatable levels by time:
   Elf:3: 3295 daAuts
Vaults:4: 2568 daAuts
Vaults:2: 2200 daAuts
     D:9: 2135 daAuts
Vaults:1: 1835 daAuts
Depths:1: 1812 daAuts
Vaults:5: 1810 daAuts
Shoals:2: 1720 daAuts
Vaults:3: 1677 daAuts
Depths:4: 1624 daAuts
    D:11: 1623 daAuts
  Lair:4: 1599 daAuts
   Orc:2: 1566 daAuts
    D:12: 1527 daAuts
Depths:5: 1498 daAuts
